Workbook

Sheet DETALLE DE OFERTA
A1: ÁREA METROPOLITANA DEL VALLE DE ABURRÁ
A2: LICITACIÓN PUBLICA – LP 009 de 2025
A3: DETALLE DE OFERTA - FORMULARIO # 12 (PROPONENTE ADJUDICATARIO)
A4: Programacion del mantenimiento
C5: 365 | H5: Diario | I5: =ROUNDUP(C5*$C$12,0) -> 61
C6: 52 | H6: Semanal | I6: =ROUNDUP(C6*$C$12,0) -> 9
C7: 24 | H7: Quincenal | I7: =ROUND(C7*$C$12,0) -> 4
C8: 12 | H8: Mensual | I8: =ROUNDUP(C8*$C$12,0) -> 2
C9: 6 | H9: Bimensual | I9: =ROUNDUP(C9*$C$12,0) -> 1
C10: 4 | E10: =MOD(C13,12) -> 2 | H10: Trimestral | I10: =ROUNDUP(C10*$C$12,0) -> 1
C11: 2 | E11: =INT(C12) -> 0 | H11: Semestral | I11: =ROUNDUP(C11*$C$12,0) -> 1
C12: =C13/12 -> 0.16666667 | E12: =ROUNDUP(C12,0) -> 1 | H12: Anual | I12: =IF(AND(E10>0,E10<7),E11,E12) -> 0
C13: 2
A16: OBJETO: “REALIZAR EL MANTENIMIENTO PREVENTIVO Y CORRECTIVO PARA LOS CUARTOS DE MAQUINAS DE LAS PISCINAS, PLANTA DE TRATAMIENTO DE AGUAS RESIDUALES Y LLUVIAS DEL PARQUE METROPOLITANO DE LAS AGUAS”.
A17: ITEM | B17: GRUPO | C17: CODIGO | E17: CANT. DE EQUIPOS | F17: Importancia (1 - alta, 3 - baja) si es igual o menos de un mes | G17: ITEM | H17: MANTENIMIENTO PREDICTIVO/PREVENTIVO | J17: FRECUENCIA | K17: CANT. SEGÚN FRECUENCIA | L17: CANT. TOTAL (FRECUENCIA X EQUIPOS) | M17: VALOR OFERTADO UNITARIO ANTES DE IVA | N17: SUBTOTAL ANTES DE IVA (Frecuencia X Equipos) | O17: IVA | P17: VALOR OFERTADO TOTAL CON IVA
A18: 1 | B18: GABINETE | C18: 16GB | D18: Tablero de indicadores en el 2do piso (ancho x alto x profundidad) 130 x 114 x 25 Sin variadores Vol. Tablero 0.37 m3 | E18: 1 | F18: 1 | G18: A | H18: =VLOOKUP(G18,'Descripcion de actividades'!$A$3:$B$40,2,FALSE) -> Limpieza e inspeccion de los sistemas | I18: =VLOOKUP(G18,'Descripcion de actividades'!$A$3:$C$40,3,FALSE) -> 0 | J18: Semestral | K18: =VLOOKUP(J18,$H$5:$I$12,2,FALSE) -> 1 | L18: =IF($C$13<=1,IF(F18=1,E18*K18,IF(F18=2,E18*K18,IF(F18=3,0,"Revisar 2"))),E18*K18) -> 1 | N18: =M18*L18 -> 0 | O18: =ROUND(N18*0.19,0) -> 0 | P18: =N18+O18 -> 0
E19: 1 | F19: 1 | G19: B | H19: =VLOOKUP(G19,'Descripcion de actividades'!$A$3:$B$40,2,FALSE) -> Inspeccion de red de tierra en los sistemas | I19: =VLOOKUP(G19,'Descripcion de actividades'!$A$3:$C$40,3,FALSE) -> Resistencia electrica en la red de tierra física. Equipos de medicion con certificado de calibración vigente para ambos. | J19: Semestral | K19: =VLOOKUP(J19,$H$5:$I$12,2,FALSE) -> 1 | L19: =IF($C$13<=1,IF(F19=1,E19*K19,IF(F19=2,E19*K19,IF(F19=3,0,"Revisar 2"))),E19*K19) -> 1 | N19: =M19*L19 -> 0 | O19: =ROUND(N19*0.19,0) -> 0 | P19: =N19+O19 -> 0
E20: 1 | F20: 1 | G20: C | H20: =VLOOKUP(G20,'Descripcion de actividades'!$A$3:$B$40,2,FALSE) -> Inspeccion de red de tierra en los sistemas | I20: =VLOOKUP(G20,'Descripcion de actividades'!$A$3:$C$40,3,FALSE) -> Pruebas de continuidad en la red de tierra física. Equipos de medicion con certificado de calibración vigente para ambos. para ambos. | J20: Semestral | K20: =VLOOKUP(J20,$H$5:$I$12,2,FALSE) -> 1 | L20: =IF($C$13<=1,IF(F20=1,E20*K20,IF(F20=2,E20*K20,IF(F20=3,0,"Revisar 2"))),E20*K20) -> 1 | N20: =M20*L20 -> 0 | O20: =ROUND(N20*0.19,0) -> 0 | P20: =N20+O20 -> 0
E21: 1 | F21: 3 | G21: D | H21: =VLOOKUP(G21,'Descripcion de actividades'!$A$3:$B$40,2,FALSE) -> Desbalance en el suministro electrico (Calidad de la energia) | I21: =VLOOKUP(G21,'Descripcion de actividades'!$A$3:$C$40,3,FALSE) -> Desequilibrio de tension en sistemas. Equipos de medicion con certificado de calibración vigente para ambos. | J21: Semestral | K21: =VLOOKUP(J21,$H$5:$I$12,2,FALSE) -> 1 | L21: =IF($C$13<=1,IF(F21=1,E21*K21,IF(F21=2,E21*K21,IF(F21=3,0,"Revisar 2"))),E21*K21) -> 1 | N21: =M21*L21 -> 0 | O21: =ROUND(N21*0.19,0) -> 0 | P21: =N21+O21 -> 0
E22: 1 | F22: 3 | G22: E | H22: =VLOOKUP(G22,'Descripcion de actividades'!$A$3:$B$40,2,FALSE) -> Desbalance en el suministro electrico (Calidad de la energia) | I22: =VLOOKUP(G22,'Descripcion de actividades'!$A$3:$C$40,3,FALSE) -> Desequilibrio de corriente en sistemas. Equipos de medicion con certificado de calibración vigente para ambos. | J22: Semestral | K22: =VLOOKUP(J22,$H$5:$I$12,2,FALSE) -> 1 | L22: =IF($C$13<=1,IF(F22=1,E22*K22,IF(F22=2,E22*K22,IF(F22=3,0,"Revisar 2"))),E22*K22) -> 1 | N22: =M22*L22 -> 0 | O22: =ROUND(N22*0.19,0) -> 0 | P22: =N22+O22 -> 0
E23: 1 | F23: 2 | G23: F | H23: =VLOOKUP(G23,'Descripcion de actividades'!$A$3:$B$40,2,FALSE) -> Monitoreo de los parametros electricos. | I23: =VLOOKUP(G23,'Descripcion de actividades'!$A$3:$C$40,3,FALSE) -> Calidad de la energía: Voltaje, corriente, potencia activa, potencia reactiva, armonicos. Equipos de medicion con certificado de calibración vigente para ambos. | J23: Bimensual | K23: =VLOOKUP(J23,$H$5:$I$12,2,FALSE) -> 1 | L23: =IF($C$13<=1,IF(F23=1,E23*K23,IF(F23=2,E23*K23,IF(F23=3,0,"Revisar 2"))),E23*K23) -> 1 | N23: =M23*L23 -> 0 | O23: =ROUND(N23*0.19,0) -> 0 | P23: =N23+O23 -> 0
E24: 1 | F24: 3 | G24: G | H24: =VLOOKUP(G24,'Descripcion de actividades'!$A$3:$B$40,2,FALSE) -> Pruebas de arranque en cada uno de los equipos | I24: =VLOOKUP(G24,'Descripcion de actividades'!$A$3:$C$40,3,FALSE) -> Cheque de condiciones de operación, valor de la presion de trabajo | J24: Semanal | K24: =VLOOKUP(J24,$H$5:$I$12,2,FALSE) -> 9 | L24: =IF($C$13<=1,IF(F24=1,E24*K24,IF(F24=2,E24*K24,IF(F24=3,0,"Revisar 2"))),E24*K24) -> 9 | N24: =M24*L24 -> 0 | O24: =ROUND(N24*0.19,0) -> 0 | P24: =N24+O24 -> 0
E25: 1 | F25: 3 | G25: H | H25: =VLOOKUP(G25,'Descripcion de actividades'!$A$3:$B$40,2,FALSE) -> Analisis por termografia | I25: =VLOOKUP(G25,'Descripcion de actividades'!$A$3:$C$40,3,FALSE) -> Analisis del termograma. Equipos de medicion con certificado de calibración vigente para ambos. | J25: Semestral | K25: =VLOOKUP(J25,$H$5:$I$12,2,FALSE) -> 1 | L25: =IF($C$13<=1,IF(F25=1,E25*K25,IF(F25=2,E25*K25,IF(F25=3,0,"Revisar 2"))),E25*K25) -> 1 | N25: =M25*L25 -> 0 | O25: =ROUND(N25*0.19,0) -> 0 | P25: =N25+O25 -> 0
E26: 1 | F26: 1 | G26: K | H26: =VLOOKUP(G26,'Descripcion de actividades'!$A$3:$B$40,2,FALSE) -> Lubricacion, engrase, revision y ajuste tornilleria de los sistemas (sin desarme) | I26: =VLOOKUP(G26,'Descripcion de actividades'!$A$3:$C$40,3,FALSE) -> 0 | J26: Semestral | K26: =VLOOKUP(J26,$H$5:$I$12,2,FALSE) -> 1 | L26: =IF($C$13<=1,IF(F26=1,E26*K26,IF(F26=2,E26*K26,IF(F26=3,0,"Revisar 2"))),E26*K26) -> 1 | N26: =M26*L26 -> 0 | O26: =ROUND(N26*0.19,0) -> 0 | P26: =N26+O26 -> 0
E27: 1 | F27: 3 | G27: T | H27: =VLOOKUP(G27,'Descripcion de actividades'!$A$3:$B$40,2,FALSE) -> Informe de analisis de los equipo | I27: =VLOOKUP(G27,'Descripcion de actividades'!$A$3:$C$40,3,FALSE) -> Informe estado o condición del equipo según los parametros descritos en el MANUAL DE OPTIMIZACIÓN DE SISTEMAS DE BOMBEO, eficicia de energetica industrial en colombia, del ministerio de minas y energia | J27: Semestral | K27: =VLOOKUP(J27,$H$5:$I$12,2,FALSE) -> 1 | L27: =IF($C$13<=1,IF(F27=1,E27*K27,IF(F27=2,E27*K27,IF(F27=3,0,"Revisar 2"))),E27*K27) -> 1 | N27: =M27*L27 -> 0 | O27: =ROUND(N27*0.19,0) -> 0 | P27: =N27+O27 -> 0
C28: 1GB 9GB 10GB 17GB | D28: sin variador Vol. Tablero entre 0 - 1 m3 (inclusive) | E28: 4 | F28: 1 | G28: A | H28: =VLOOKUP(G28,'Descripcion de actividades'!$A$3:$B$40,2,FALSE) -> Limpieza e inspeccion de los sistemas | I28: =VLOOKUP(G28,'Descripcion de actividades'!$A$3:$C$40,3,FALSE) -> 0 | J28: Trimestral | K28: =VLOOKUP(J28,$H$5:$I$12,2,FALSE) -> 1 | L28: =IF($C$13<=1,IF(F28=1,E28*K28,IF(F28=2,E28*K28,IF(F28=3,0,"Revisar 2"))),E28*K28) -> 4 | N28: =M28*L28 -> 0 | O28: =ROUND(N28*0.19,0) -> 0 | P28: =N28+O28 -> 0
E29: 4 | F29: 1 | G29: B | H29: =VLOOKUP(G29,'Descripcion de actividades'!$A$3:$B$40,2,FALSE) -> Inspeccion de red de tierra en los sistemas | I29: =VLOOKUP(G29,'Descripcion de actividades'!$A$3:$C$40,3,FALSE) -> Resistencia electrica en la red de tierra física. Equipos de medicion con certificado de calibración vigente para ambos. | J29: Semestral | K29: =VLOOKUP(J29,$H$5:$I$12,2,FALSE) -> 1 | L29: =IF($C$13<=1,IF(F29=1,E29*K29,IF(F29=2,E29*K29,IF(F29=3,0,"Revisar 2"))),E29*K29) -> 4 | N29: =M29*L29 -> 0 | O29: =ROUND(N29*0.19,0) -> 0 | P29: =N29+O29 -> 0
E30: 4 | F30: 1 | G30: C | H30: =VLOOKUP(G30,'Descripcion de actividades'!$A$3:$B$40,2,FALSE) -> Inspeccion de red de tierra en los sistemas | I30: =VLOOKUP(G30,'Descripcion de actividades'!$A$3:$C$40,3,FALSE) -> Pruebas de continuidad en la red de tierra física. Equipos de medicion con certificado de calibración vigente para ambos. para ambos. | J30: Semestral | K30: =VLOOKUP(J30,$H$5:$I$12,2,FALSE) -> 1 | L30: =IF($C$13<=1,IF(F30=1,E30*K30,IF(F30=2,E30*K30,IF(F30=3,0,"Revisar 2"))),E30*K30) -> 4 | N30: =M30*L30 -> 0 | O30: =ROUND(N30*0.19,0) -> 0 | P30: =N30+O30 -> 0
E31: 4 | F31: 3 | G31: D | H31: =VLOOKUP(G31,'Descripcion de actividades'!$A$3:$B$40,2,FALSE) -> Desbalance en el suministro electrico (Calidad de la energia) | I31: =VLOOKUP(G31,'Descripcion de actividades'!$A$3:$C$40,3,FALSE) -> Desequilibrio de tension en sistemas. Equipos de medicion con certificado de calibración vigente para ambos. | J31: Semestral | K31: =VLOOKUP(J31,$H$5:$I$12,2,FALSE) -> 1 | L31: =IF($C$13<=1,IF(F31=1,E31*K31,IF(F31=2,E31*K31,IF(F31=3,0,"Revisar 2"))),E31*K31) -> 4 | N31: =M31*L31 -> 0 | O31: =ROUND(N31*0.19,0) -> 0 | P31: =N31+O31 -> 0
E32: 4 | F32: 3 | G32: E | H32: =VLOOKUP(G32,'Descripcion de actividades'!$A$3:$B$40,2,FALSE) -> Desbalance en el suministro electrico (Calidad de la energia) | I32: =VLOOKUP(G32,'Descripcion de actividades'!$A$3:$C$40,3,FALSE) -> Desequilibrio de corriente en sistemas. Equipos de medicion con certificado de calibración vigente para ambos. | J32: Semestral | K32: =VLOOKUP(J32,$H$5:$I$12,2,FALSE) -> 1 | L32: =IF($C$13<=1,IF(F32=1,E32*K32,IF(F32=2,E32*K32,IF(F32=3,0,"Revisar 2"))),E32*K32) -> 4 | N32: =M32*L32 -> 0 | O32: =ROUND(N32*0.19,0) -> 0 | P32: =N32+O32 -> 0
E33: 4 | F33: 2 | G33: F | H33: =VLOOKUP(G33,'Descripcion de actividades'!$A$3:$B$40,2,FALSE) -> Monitoreo de los parametros electricos. | I33: =VLOOKUP(G33,'Descripcion de actividades'!$A$3:$C$40,3,FALSE) -> Calidad de la energía: Voltaje, corriente, potencia activa, potencia reactiva, armonicos. Equipos de medicion con certificado de calibración vigente para ambos. | J33: Bimensual | K33: =VLOOKUP(J33,$H$5:$I$12,2,FALSE) -> 1 | L33: =IF($C$13<=1,IF(F33=1,E33*K33,IF(F33=2,E33*K33,IF(F33=3,0,"Revisar 2"))),E33*K33) -> 4 | N33: =M33*L33 -> 0 | O33: =ROUND(N33*0.19,0) -> 0 | P33: =N33+O33 -> 0
E34: 4 | F34: 3 | G34: G | H34: =VLOOKUP(G34,'Descripcion de actividades'!$A$3:$B$40,2,FALSE) -> Pruebas de arranque en cada uno de los equipos | I34: =VLOOKUP(G34,'Descripcion de actividades'!$A$3:$C$40,3,FALSE) -> Cheque de condiciones de operación, valor de la presion de trabajo | J34: Semanal | K34: =VLOOKUP(J34,$H$5:$I$12,2,FALSE) -> 9 | L34: =IF($C$13<=1,IF(F34=1,E34*K34,IF(F34=2,E34*K34,IF(F34=3,0,"Revisar 2"))),E34*K34) -> 36 | N34: =M34*L34 -> 0 | O34: =ROUND(N34*0.19,0) -> 0 | P34: =N34+O34 -> 0
E35: 4 | F35: 3 | G35: H | H35: =VLOOKUP(G35,'Descripcion de actividades'!$A$3:$B$40,2,FALSE) -> Analisis por termografia | I35: =VLOOKUP(G35,'Descripcion de actividades'!$A$3:$C$40,3,FALSE) -> Analisis del termograma. Equipos de medicion con certificado de calibración vigente para ambos. | J35: Semestral | K35: =VLOOKUP(J35,$H$5:$I$12,2,FALSE) -> 1 | L35: =IF($C$13<=1,IF(F35=1,E35*K35,IF(F35=2,E35*K35,IF(F35=3,0,"Revisar 2"))),E35*K35) -> 4 | N35: =M35*L35 -> 0 | O35: =ROUND(N35*0.19,0) -> 0 | P35: =N35+O35 -> 0
E36: 4 | F36: 1 | G36: K | H36: =VLOOKUP(G36,'Descripcion de actividades'!$A$3:$B$40,2,FALSE) -> Lubricacion, engrase, revision y ajuste tornilleria de los sistemas (sin desarme) | I36: =VLOOKUP(G36,'Descripcion de actividades'!$A$3:$C$40,3,FALSE) -> 0 | J36: Semestral | K36: =VLOOKUP(J36,$H$5:$I$12,2,FALSE) -> 1 | L36: =IF($C$13<=1,IF(F36=1,E36*K36,IF(F36=2,E36*K36,IF(F36=3,0,"Revisar 2"))),E36*K36) -> 4 | N36: =M36*L36 -> 0 | O36: =ROUND(N36*0.19,0) -> 0 | P36: =N36+O36 -> 0
E37: 4 | F37: 3 | G37: P | H37: =VLOOKUP(G37,'Descripcion de actividades'!$A$3:$B$40,2,FALSE) -> Analisis de aislamiento a los sistemas | I37: =VLOOKUP(G37,'Descripcion de actividades'!$A$3:$C$40,3,FALSE) -> Analisis de resistencia de aislamiento con correccion de temperatura. Equipos de medicion con certificado de calibración vigente para ambos. | J37: Semestral | K37: =VLOOKUP(J37,$H$5:$I$12,2,FALSE) -> 1 | L37: =IF($C$13<=1,IF(F37=1,E37*K37,IF(F37=2,E37*K37,IF(F37=3,0,"Revisar 2"))),E37*K37) -> 4 | N37: =M37*L37 -> 0 | O37: =ROUND(N37*0.19,0) -> 0 | P37: =N37+O37 -> 0
E38: 4 | F38: 3 | G38: T | H38: =VLOOKUP(G38,'Descripcion de actividades'!$A$3:$B$40,2,FALSE) -> Informe de analisis de los equipo | I38: =VLOOKUP(G38,'Descripcion de actividades'!$A$3:$C$40,3,FALSE) -> Informe estado o condición del equipo según los parametros descritos en el MANUAL DE OPTIMIZACIÓN DE SISTEMAS DE BOMBEO, eficicia de energetica industrial en colombia, del ministerio de minas y energia | J38: Semestral | K38: =VLOOKUP(J38,$H$5:$I$12,2,FALSE) -> 1 | L38: =IF($C$13<=1,IF(F38=1,E38*K38,IF(F38=2,E38*K38,IF(F38=3,0,"Revisar 2"))),E38*K38) -> 4 | N38: =M38*L38 -> 0 | O38: =ROUND(N38*0.19,0) -> 0 | P38: =N38+O38 -> 0
C39: 15GB | D39: sin variador Vol. Tablero 1 - 5 m3 (Inclusive) | E39: 1 | F39: 1 | G39: A | H39: =VLOOKUP(G39,'Descripcion de actividades'!$A$3:$B$40,2,FALSE) -> Limpieza e inspeccion de los sistemas | I39: =VLOOKUP(G39,'Descripcion de actividades'!$A$3:$C$40,3,FALSE) -> 0 | J39: =J29 -> Semestral | K39: =VLOOKUP(J39,$H$5:$I$12,2,FALSE) -> 1 | L39: =IF($C$13<=1,IF(F39=1,E39*K39,IF(F39=2,E39*K39,IF(F39=3,0,"Revisar 2"))),E39*K39) -> 1 | N39: =M39*L39 -> 0 | O39: =ROUND(N39*0.19,0) -> 0 | P39: =N39+O39 -> 0
E40: 1 | F40: 1 | G40: B | H40: =VLOOKUP(G40,'Descripcion de actividades'!$A$3:$B$40,2,FALSE) -> Inspeccion de red de tierra en los sistemas | I40: =VLOOKUP(G40,'Descripcion de actividades'!$A$3:$C$40,3,FALSE) -> Resistencia electrica en la red de tierra física. Equipos de medicion con certificado de calibración vigente para ambos. | J40: Semestral | K40: =VLOOKUP(J40,$H$5:$I$12,2,FALSE) -> 1 | L40: =IF($C$13<=1,IF(F40=1,E40*K40,IF(F40=2,E40*K40,IF(F40=3,0,"Revisar 2"))),E40*K40) -> 1 | N40: =M40*L40 -> 0 | O40: =ROUND(N40*0.19,0) -> 0 | P40: =N40+O40 -> 0
E41: 1 | F41: 1 | G41: C | H41: =VLOOKUP(G41,'Descripcion de actividades'!$A$3:$B$40,2,FALSE) -> Inspeccion de red de tierra en los sistemas | I41: =VLOOKUP(G41,'Descripcion de actividades'!$A$3:$C$40,3,FALSE) -> Pruebas de continuidad en la red de tierra física. Equipos de medicion con certificado de calibración vigente para ambos. para ambos. | J41: Semestral | K41: =VLOOKUP(J41,$H$5:$I$12,2,FALSE) -> 1 | L41: =IF($C$13<=1,IF(F41=1,E41*K41,IF(F41=2,E41*K41,IF(F41=3,0,"Revisar 2"))),E41*K41) -> 1 | N41: =M41*L41 -> 0 | O41: =ROUND(N41*0.19,0) -> 0 | P41: =N41+O41 -> 0
E42: 1 | F42: 3 | G42: D | H42: =VLOOKUP(G42,'Descripcion de actividades'!$A$3:$B$40,2,FALSE) -> Desbalance en el suministro electrico (Calidad de la energia) | I42: =VLOOKUP(G42,'Descripcion de actividades'!$A$3:$C$40,3,FALSE) -> Desequilibrio de tension en sistemas. Equipos de medicion con certificado de calibración vigente para ambos. | J42: Semestral | K42: =VLOOKUP(J42,$H$5:$I$12,2,FALSE) -> 1 | L42: =IF($C$13<=1,IF(F42=1,E42*K42,IF(F42=2,E42*K42,IF(F42=3,0,"Revisar 2"))),E42*K42) -> 1 | N42: =M42*L42 -> 0 | O42: =ROUND(N42*0.19,0) -> 0 | P42: =N42+O42 -> 0
E43: 1 | F43: 3 | G43: E | H43: =VLOOKUP(G43,'Descripcion de actividades'!$A$3:$B$40,2,FALSE) -> Desbalance en el suministro electrico (Calidad de la energia) | I43: =VLOOKUP(G43,'Descripcion de actividades'!$A$3:$C$40,3,FALSE) -> Desequilibrio de corriente en sistemas. Equipos de medicion con certificado de calibración vigente para ambos. | J43: Semestral | K43: =VLOOKUP(J43,$H$5:$I$12,2,FALSE) -> 1 | L43: =IF($C$13<=1,IF(F43=1,E43*K43,IF(F43=2,E43*K43,IF(F43=3,0,"Revisar 2"))),E43*K43) -> 1 | N43: =M43*L43 -> 0 | O43: =ROUND(N43*0.19,0) -> 0 | P43: =N43+O43 -> 0
E44: 1 | F44: 2 | G44: F | H44: =VLOOKUP(G44,'Descripcion de actividades'!$A$3:$B$40,2,FALSE) -> Monitoreo de los parametros electricos. | I44: =VLOOKUP(G44,'Descripcion de actividades'!$A$3:$C$40,3,FALSE) -> Calidad de la energía: Voltaje, corriente, potencia activa, potencia reactiva, armonicos. Equipos de medicion con certificado de calibración vigente para ambos. | J44: Bimensual | K44: =VLOOKUP(J44,$H$5:$I$12,2,FALSE) -> 1 | L44: =IF($C$13<=1,IF(F44=1,E44*K44,IF(F44=2,E44*K44,IF(F44=3,0,"Revisar 2"))),E44*K44) -> 1 | N44: =M44*L44 -> 0 | O44: =ROUND(N44*0.19,0) -> 0 | P44: =N44+O44 -> 0
E45: 1 | F45: 3 | G45: G | H45: =VLOOKUP(G45,'Descripcion de actividades'!$A$3:$B$40,2,FALSE) -> Pruebas de arranque en cada uno de los equipos | I45: =VLOOKUP(G45,'Descripcion de actividades'!$A$3:$C$40,3,FALSE) -> Cheque de condiciones de operación, valor de la presion de trabajo | J45: Semanal | K45: =VLOOKUP(J45,$H$5:$I$12,2,FALSE) -> 9 | L45: =IF($C$13<=1,IF(F45=1,E45*K45,IF(F45=2,E45*K45,IF(F45=3,0,"Revisar 2"))),E45*K45) -> 9 | N45: =M45*L45 -> 0 | O45: =ROUND(N45*0.19,0) -> 0 | P45: =N45+O45 -> 0
E46: 1 | F46: 3 | G46: H | H46: =VLOOKUP(G46,'Descripcion de actividades'!$A$3:$B$40,2,FALSE) -> Analisis por termografia | I46: =VLOOKUP(G46,'Descripcion de actividades'!$A$3:$C$40,3,FALSE) -> Analisis del termograma. Equipos de medicion con certificado de calibración vigente para ambos. | J46: Semestral | K46: =VLOOKUP(J46,$H$5:$I$12,2,FALSE) -> 1 | L46: =IF($C$13<=1,IF(F46=1,E46*K46,IF(F46=2,E46*K46,IF(F46=3,0,"Revisar 2"))),E46*K46) -> 1 | N46: =M46*L46 -> 0 | O46: =ROUND(N46*0.19,0) -> 0 | P46: =N46+O46 -> 0
E47: 1 | F47: 1 | G47: K | H47: =VLOOKUP(G47,'Descripcion de actividades'!$A$3:$B$40,2,FALSE) -> Lubricacion, engrase, revision y ajuste tornilleria de los sistemas (sin desarme) | I47: =VLOOKUP(G47,'Descripcion de actividades'!$A$3:$C$40,3,FALSE) -> 0 | J47: Semestral | K47: =VLOOKUP(J47,$H$5:$I$12,2,FALSE) -> 1 | L47: =IF($C$13<=1,IF(F47=1,E47*K47,IF(F47=2,E47*K47,IF(F47=3,0,"Revisar 2"))),E47*K47) -> 1 | N47: =M47*L47 -> 0 | O47: =ROUND(N47*0.19,0) -> 0 | P47: =N47+O47 -> 0
E48: 1 | F48: 3 | G48: P | H48: =VLOOKUP(G48,'Descripcion de actividades'!$A$3:$B$40,2,FALSE) -> Analisis de aislamiento a los sistemas | I48: =VLOOKUP(G48,'Descripcion de actividades'!$A$3:$C$40,3,FALSE) -> Analisis de resistencia de aislamiento con correccion de temperatura. Equipos de medicion con certificado de calibración vigente para ambos. | J48: Semestral | K48: =VLOOKUP(J48,$H$5:$I$12,2,FALSE) -> 1 | L48: =IF($C$13<=1,IF(F48=1,E48*K48,IF(F48=2,E48*K48,IF(F48=3,0,"Revisar 2"))),E48*K48) -> 1 | N48: =M48*L48 -> 0 | O48: =ROUND(N48*0.19,0) -> 0 | P48: =N48+O48 -> 0
E49: 1 | F49: 3 | G49: T | H49: =VLOOKUP(G49,'Descripcion de actividades'!$A$3:$B$40,2,FALSE) -> Informe de analisis de los equipo | I49: =VLOOKUP(G49,'Descripcion de actividades'!$A$3:$C$40,3,FALSE) -> Informe estado o condición del equipo según los parametros descritos en el MANUAL DE OPTIMIZACIÓN DE SISTEMAS DE BOMBEO, eficicia de energetica industrial en colombia, del ministerio de minas y energia | J49: Semestral | K49: =VLOOKUP(J49,$H$5:$I$12,2,FALSE) -> 1 | L49: =IF($C$13<=1,IF(F49=1,E49*K49,IF(F49=2,E49*K49,IF(F49=3,0,"Revisar 2"))),E49*K49) -> 1 | N49: =M49*L49 -> 0 | O49: =ROUND(N49*0.19,0) -> 0 | P49: =N49+O49 -> 0
C50: 4GB 7GB 8GB 11GB 12GB | D50: con 1 variador Vol. Tablero entre 0 a 1.5 m3. | E50: 5 | F50: 1 | G50: A | H50: =VLOOKUP(G50,'Descripcion de actividades'!$A$3:$B$40,2,FALSE) -> Limpieza e inspeccion de los sistemas | I50: =VLOOKUP(G50,'Descripcion de actividades'!$A$3:$C$40,3,FALSE) -> 0 | J50: Trimestral | K50: =VLOOKUP(J50,$H$5:$I$12,2,FALSE) -> 1 | L50: =IF($C$13<=1,IF(F50=1,E50*K50,IF(F50=2,E50*K50,IF(F50=3,0,"Revisar 2"))),E50*K50) -> 5 | N50: =M50*L50 -> 0 | O50: =ROUND(N50*0.19,0) -> 0 | P50: =N50+O50 -> 0
E51: 5 | F51: 1 | G51: B | H51: =VLOOKUP(G51,'Descripcion de actividades'!$A$3:$B$40,2,FALSE) -> Inspeccion de red de tierra en los sistemas | I51: =VLOOKUP(G51,'Descripcion de actividades'!$A$3:$C$40,3,FALSE) -> Resistencia electrica en la red de tierra física. Equipos de medicion con certificado de calibración vigente para ambos. | J51: Semestral | K51: =VLOOKUP(J51,$H$5:$I$12,2,FALSE) -> 1 | L51: =IF($C$13<=1,IF(F51=1,E51*K51,IF(F51=2,E51*K51,IF(F51=3,0,"Revisar 2"))),E51*K51) -> 5 | N51: =M51*L51 -> 0 | O51: =ROUND(N51*0.19,0) -> 0 | P51: =N51+O51 -> 0
E52: 5 | F52: 1 | G52: C | H52: =VLOOKUP(G52,'Descripcion de actividades'!$A$3:$B$40,2,FALSE) -> Inspeccion de red de tierra en los sistemas | I52: =VLOOKUP(G52,'Descripcion de actividades'!$A$3:$C$40,3,FALSE) -> Pruebas de continuidad en la red de tierra física. Equipos de medicion con certificado de calibración vigente para ambos. para ambos. | J52: Semestral | K52: =VLOOKUP(J52,$H$5:$I$12,2,FALSE) -> 1 | L52: =IF($C$13<=1,IF(F52=1,E52*K52,IF(F52=2,E52*K52,IF(F52=3,0,"Revisar 2"))),E52*K52) -> 5 | N52: =M52*L52 -> 0 | O52: =ROUND(N52*0.19,0) -> 0 | P52: =N52+O52 -> 0
E53: 5 | F53: 3 | G53: D | H53: =VLOOKUP(G53,'Descripcion de actividades'!$A$3:$B$40,2,FALSE) -> Desbalance en el suministro electrico (Calidad de la energia) | I53: =VLOOKUP(G53,'Descripcion de actividades'!$A$3:$C$40,3,FALSE) -> Desequilibrio de tension en sistemas. Equipos de medicion con certificado de calibración vigente para ambos. | J53: Semestral | K53: =VLOOKUP(J53,$H$5:$I$12,2,FALSE) -> 1 | L53: =IF($C$13<=1,IF(F53=1,E53*K53,IF(F53=2,E53*K53,IF(F53=3,0,"Revisar 2"))),E53*K53) -> 5 | N53: =M53*L53 -> 0 | O53: =ROUND(N53*0.19,0) -> 0 | P53: =N53+O53 -> 0
E54: 5 | F54: 3 | G54: E | H54: =VLOOKUP(G54,'Descripcion de actividades'!$A$3:$B$40,2,FALSE) -> Desbalance en el suministro electrico (Calidad de la energia) | I54: =VLOOKUP(G54,'Descripcion de actividades'!$A$3:$C$40,3,FALSE) -> Desequilibrio de corriente en sistemas. Equipos de medicion con certificado de calibración vigente para ambos. | J54: Semestral | K54: =VLOOKUP(J54,$H$5:$I$12,2,FALSE) -> 1 | L54: =IF($C$13<=1,IF(F54=1,E54*K54,IF(F54=2,E54*K54,IF(F54=3,0,"Revisar 2"))),E54*K54) -> 5 | N54: =M54*L54 -> 0 | O54: =ROUND(N54*0.19,0) -> 0 | P54: =N54+O54 -> 0
E55: 5 | F55: 2 | G55: F | H55: =VLOOKUP(G55,'Descripcion de actividades'!$A$3:$B$40,2,FALSE) -> Monitoreo de los parametros electricos. | I55: =VLOOKUP(G55,'Descripcion de actividades'!$A$3:$C$40,3,FALSE) -> Calidad de la energía: Voltaje, corriente, potencia activa, potencia reactiva, armonicos. Equipos de medicion con certificado de calibración vigente para ambos. | J55: Bimensual | K55: =VLOOKUP(J55,$H$5:$I$12,2,FALSE) -> 1 | L55: =IF($C$13<=1,IF(F55=1,E55*K55,IF(F55=2,E55*K55,IF(F55=3,0,"Revisar 2"))),E55*K55) -> 5 | N55: =M55*L55 -> 0 | O55: =ROUND(N55*0.19,0) -> 0 | P55: =N55+O55 -> 0
E56: 5 | F56: 3 | G56: G | H56: =VLOOKUP(G56,'Descripcion de actividades'!$A$3:$B$40,2,FALSE) -> Pruebas de arranque en cada uno de los equipos | I56: =VLOOKUP(G56,'Descripcion de actividades'!$A$3:$C$40,3,FALSE) -> Cheque de condiciones de operación, valor de la presion de trabajo | J56: Semanal | K56: =VLOOKUP(J56,$H$5:$I$12,2,FALSE) -> 9 | L56: =IF($C$13<=1,IF(F56=1,E56*K56,IF(F56=2,E56*K56,IF(F56=3,0,"Revisar 2"))),E56*K56) -> 45 | N56: =M56*L56 -> 0 | O56: =ROUND(N56*0.19,0) -> 0 | P56: =N56+O56 -> 0
E57: 5 | F57: 3 | G57: H | H57: =VLOOKUP(G57,'Descripcion de actividades'!$A$3:$B$40,2,FALSE) -> Analisis por termografia | I57: =VLOOKUP(G57,'Descripcion de actividades'!$A$3:$C$40,3,FALSE) -> Analisis del termograma. Equipos de medicion con certificado de calibración vigente para ambos. | J57: Semestral | K57: =VLOOKUP(J57,$H$5:$I$12,2,FALSE) -> 1 | L57: =IF($C$13<=1,IF(F57=1,E57*K57,IF(F57=2,E57*K57,IF(F57=3,0,"Revisar 2"))),E57*K57) -> 5 | N57: =M57*L57 -> 0 | O57: =ROUND(N57*0.19,0) -> 0 | P57: =N57+O57 -> 0
E58: 5 | F58: 1 | G58: K | H58: =VLOOKUP(G58,'Descripcion de actividades'!$A$3:$B$40,2,FALSE) -> Lubricacion, engrase, revision y ajuste tornilleria de los sistemas (sin desarme) | I58: =VLOOKUP(G58,'Descripcion de actividades'!$A$3:$C$40,3,FALSE) -> 0 | J58: Semestral | K58: =VLOOKUP(J58,$H$5:$I$12,2,FALSE) -> 1 | L58: =IF($C$13<=1,IF(F58=1,E58*K58,IF(F58=2,E58*K58,IF(F58=3,0,"Revisar 2"))),E58*K58) -> 5 | N58: =M58*L58 -> 0 | O58: =ROUND(N58*0.19,0) -> 0 | P58: =N58+O58 -> 0
E59: 5 | F59: 3 | G59: P | H59: =VLOOKUP(G59,'Descripcion de actividades'!$A$3:$B$40,2,FALSE) -> Analisis de aislamiento a los sistemas | I59: =VLOOKUP(G59,'Descripcion de actividades'!$A$3:$C$40,3,FALSE) -> Analisis de resistencia de aislamiento con correccion de temperatura. Equipos de medicion con certificado de calibración vigente para ambos. | J59: Semestral | K59: =VLOOKUP(J59,$H$5:$I$12,2,FALSE) -> 1 | L59: =IF($C$13<=1,IF(F59=1,E59*K59,IF(F59=2,E59*K59,IF(F59=3,0,"Revisar 2"))),E59*K59) -> 5 | N59: =M59*L59 -> 0 | O59: =ROUND(N59*0.19,0) -> 0 | P59: =N59+O59 -> 0
E60: 5 | F60: 3 | G60: T | H60: =VLOOKUP(G60,'Descripcion de actividades'!$A$3:$B$40,2,FALSE) -> Informe de analisis de los equipo | I60: =VLOOKUP(G60,'Descripcion de actividades'!$A$3:$C$40,3,FALSE) -> Informe estado o condición del equipo según los parametros descritos en el MANUAL DE OPTIMIZACIÓN DE SISTEMAS DE BOMBEO, eficicia de energetica industrial en colombia, del ministerio de minas y energia | J60: Semestral | K60: =VLOOKUP(J60,$H$5:$I$12,2,FALSE) -> 1 | L60: =IF($C$13<=1,IF(F60=1,E60*K60,IF(F60=2,E60*K60,IF(F60=3,0,"Revisar 2"))),E60*K60) -> 5 | N60: =M60*L60 -> 0 | O60: =ROUND(N60*0.19,0) -> 0 | P60: =N60+O60 -> 0
C61: 5GB 13GB | D61: con 2 variadores Vol. Tablero entre 0 - 1 m3 (inclusive) | E61: 2 | F61: 1 | G61: A | H61: =VLOOKUP(G61,'Descripcion de actividades'!$A$3:$B$40,2,FALSE) -> Limpieza e inspeccion de los sistemas | I61: =VLOOKUP(G61,'Descripcion de actividades'!$A$3:$C$40,3,FALSE) -> 0 | J61: Trimestral | K61: =VLOOKUP(J61,$H$5:$I$12,2,FALSE) -> 1 | L61: =IF($C$13<=1,IF(F61=1,E61*K61,IF(F61=2,E61*K61,IF(F61=3,0,"Revisar 2"))),E61*K61) -> 2 | N61: =M61*L61 -> 0 | O61: =ROUND(N61*0.19,0) -> 0 | P61: =N61+O61 -> 0
E62: 2 | F62: 1 | G62: B | H62: =VLOOKUP(G62,'Descripcion de actividades'!$A$3:$B$40,2,FALSE) -> Inspeccion de red de tierra en los sistemas | I62: =VLOOKUP(G62,'Descripcion de actividades'!$A$3:$C$40,3,FALSE) -> Resistencia electrica en la red de tierra física. Equipos de medicion con certificado de calibración vigente para ambos. | J62: Semestral | K62: =VLOOKUP(J62,$H$5:$I$12,2,FALSE) -> 1 | L62: =IF($C$13<=1,IF(F62=1,E62*K62,IF(F62=2,E62*K62,IF(F62=3,0,"Revisar 2"))),E62*K62) -> 2 | N62: =M62*L62 -> 0 | O62: =ROUND(N62*0.19,0) -> 0 | P62: =N62+O62 -> 0
E63: 2 | F63: 1 | G63: C | H63: =VLOOKUP(G63,'Descripcion de actividades'!$A$3:$B$40,2,FALSE) -> Inspeccion de red de tierra en los sistemas | I63: =VLOOKUP(G63,'Descripcion de actividades'!$A$3:$C$40,3,FALSE) -> Pruebas de continuidad en la red de tierra física. Equipos de medicion con certificado de calibración vigente para ambos. para ambos. | J63: Semestral | K63: =VLOOKUP(J63,$H$5:$I$12,2,FALSE) -> 1 | L63: =IF($C$13<=1,IF(F63=1,E63*K63,IF(F63=2,E63*K63,IF(F63=3,0,"Revisar 2"))),E63*K63) -> 2 | N63: =M63*L63 -> 0 | O63: =ROUND(N63*0.19,0) -> 0 | P63: =N63+O63 -> 0
E64: 2 | F64: 3 | G64: D | H64: =VLOOKUP(G64,'Descripcion de actividades'!$A$3:$B$40,2,FALSE) -> Desbalance en el suministro electrico (Calidad de la energia) | I64: =VLOOKUP(G64,'Descripcion de actividades'!$A$3:$C$40,3,FALSE) -> Desequilibrio de tension en sistemas. Equipos de medicion con certificado de calibración vigente para ambos. | J64: Semestral | K64: =VLOOKUP(J64,$H$5:$I$12,2,FALSE) -> 1 | L64: =IF($C$13<=1,IF(F64=1,E64*K64,IF(F64=2,E64*K64,IF(F64=3,0,"Revisar 2"))),E64*K64) -> 2 | N64: =M64*L64 -> 0 | O64: =ROUND(N64*0.19,0) -> 0 | P64: =N64+O64 -> 0
E65: 2 | F65: 3 | G65: E | H65: =VLOOKUP(G65,'Descripcion de actividades'!$A$3:$B$40,2,FALSE) -> Desbalance en el suministro electrico (Calidad de la energia) | I65: =VLOOKUP(G65,'Descripcion de actividades'!$A$3:$C$40,3,FALSE) -> Desequilibrio de corriente en sistemas. Equipos de medicion con certificado de calibración vigente para ambos. | J65: Semestral | K65: =VLOOKUP(J65,$H$5:$I$12,2,FALSE) -> 1 | L65: =IF($C$13<=1,IF(F65=1,E65*K65,IF(F65=2,E65*K65,IF(F65=3,0,"Revisar 2"))),E65*K65) -> 2 | N65: =M65*L65 -> 0 | O65: =ROUND(N65*0.19,0) -> 0 | P65: =N65+O65 -> 0
E66: 2 | F66: 2 | G66: F | H66: =VLOOKUP(G66,'Descripcion de actividades'!$A$3:$B$40,2,FALSE) -> Monitoreo de los parametros electricos. | I66: =VLOOKUP(G66,'Descripcion de actividades'!$A$3:$C$40,3,FALSE) -> Calidad de la energía: Voltaje, corriente, potencia activa, potencia reactiva, armonicos. Equipos de medicion con certificado de calibración vigente para ambos. | J66: Bimensual | K66: =VLOOKUP(J66,$H$5:$I$12,2,FALSE) -> 1 | L66: =IF($C$13<=1,IF(F66=1,E66*K66,IF(F66=2,E66*K66,IF(F66=3,0,"Revisar 2"))),E66*K66) -> 2 | N66: =M66*L66 -> 0 | O66: =ROUND(N66*0.19,0) -> 0 | P66: =N66+O66 -> 0
E67: 2 | F67: 3 | G67: G | H67: =VLOOKUP(G67,'Descripcion de actividades'!$A$3:$B$40,2,FALSE) -> Pruebas de arranque en cada uno de los equipos | I67: =VLOOKUP(G67,'Descripcion de actividades'!$A$3:$C$40,3,FALSE) -> Cheque de condiciones de operación, valor de la presion de trabajo | J67: semanal | K67: =VLOOKUP(J67,$H$5:$I$12,2,FALSE) -> 9 | L67: =IF($C$13<=1,IF(F67=1,E67*K67,IF(F67=2,E67*K67,IF(F67=3,0,"Revisar 2"))),E67*K67) -> 18 | N67: =M67*L67 -> 0 | O67: =ROUND(N67*0.19,0) -> 0 | P67: =N67+O67 -> 0
E68: 2 | F68: 3 | G68: H | H68: =VLOOKUP(G68,'Descripcion de actividades'!$A$3:$B$40,2,FALSE) -> Analisis por termografia | I68: =VLOOKUP(G68,'Descripcion de actividades'!$A$3:$C$40,3,FALSE) -> Analisis del termograma. Equipos de medicion con certificado de calibración vigente para ambos. | J68: Semestral | K68: =VLOOKUP(J68,$H$5:$I$12,2,FALSE) -> 1 | L68: =IF($C$13<=1,IF(F68=1,E68*K68,IF(F68=2,E68*K68,IF(F68=3,0,"Revisar 2"))),E68*K68) -> 2 | N68: =M68*L68 -> 0 | O68: =ROUND(N68*0.19,0) -> 0 | P68: =N68+O68 -> 0
E69: 2 | F69: 1 | G69: K | H69: =VLOOKUP(G69,'Descripcion de actividades'!$A$3:$B$40,2,FALSE) -> Lubricacion, engrase, revision y ajuste tornilleria de los sistemas (sin desarme) | I69: =VLOOKUP(G69,'Descripcion de actividades'!$A$3:$C$40,3,FALSE) -> 0 | J69: Semestral | K69: =VLOOKUP(J69,$H$5:$I$12,2,FALSE) -> 1 | L69: =IF($C$13<=1,IF(F69=1,E69*K69,IF(F69=2,E69*K69,IF(F69=3,0,"Revisar 2"))),E69*K69) -> 2 | N69: =M69*L69 -> 0 | O69: =ROUND(N69*0.19,0) -> 0 | P69: =N69+O69 -> 0
E70: 2 | F70: 3 | G70: P | H70: =VLOOKUP(G70,'Descripcion de actividades'!$A$3:$B$40,2,FALSE) -> Analisis de aislamiento a los sistemas | I70: =VLOOKUP(G70,'Descripcion de actividades'!$A$3:$C$40,3,FALSE) -> Analisis de resistencia de aislamiento con correccion de temperatura. Equipos de medicion con certificado de calibración vigente para ambos. | J70: Semestral | K70: =VLOOKUP(J70,$H$5:$I$12,2,FALSE) -> 1 | L70: =IF($C$13<=1,IF(F70=1,E70*K70,IF(F70=2,E70*K70,IF(F70=3,0,"Revisar 2"))),E70*K70) -> 2 | N70: =M70*L70 -> 0 | O70: =ROUND(N70*0.19,0) -> 0 | P70: =N70+O70 -> 0
E71: 2 | F71: 3 | G71: T | H71: =VLOOKUP(G71,'Descripcion de actividades'!$A$3:$B$40,2,FALSE) -> Informe de analisis de los equipo | I71: =VLOOKUP(G71,'Descripcion de actividades'!$A$3:$C$40,3,FALSE) -> Informe estado o condición del equipo según los parametros descritos en el MANUAL DE OPTIMIZACIÓN DE SISTEMAS DE BOMBEO, eficicia de energetica industrial en colombia, del ministerio de minas y energia | J71: Semestral | K71: =VLOOKUP(J71,$H$5:$I$12,2,FALSE) -> 1 | L71: =IF($C$13<=1,IF(F71=1,E71*K71,IF(F71=2,E71*K71,IF(F71=3,0,"Revisar 2"))),E71*K71) -> 2 | N71: =M71*L71 -> 0 | O71: =ROUND(N71*0.19,0) -> 0 | P71: =N71+O71 -> 0
C72: 3GB 6GB | D72: con 2 variadores Vol. Tablero entre 1 - 2 m3 (Inclusive) | E72: 2 | F72: 1 | G72: A | H72: =VLOOKUP(G72,'Descripcion de actividades'!$A$3:$B$40,2,FALSE) -> Limpieza e inspeccion de los sistemas | I72: =VLOOKUP(G72,'Descripcion de actividades'!$A$3:$C$40,3,FALSE) -> 0 | J72: Trimestral | K72: =VLOOKUP(J72,$H$5:$I$12,2,FALSE) -> 1 | L72: =IF($C$13<=1,IF(F72=1,E72*K72,IF(F72=2,E72*K72,IF(F72=3,0,"Revisar 2"))),E72*K72) -> 2 | N72: =M72*L72 -> 0 | O72: =ROUND(N72*0.19,0) -> 0 | P72: =N72+O72 -> 0
E73: 2 | F73: 1 | G73: B | H73: =VLOOKUP(G73,'Descripcion de actividades'!$A$3:$B$40,2,FALSE) -> Inspeccion de red de tierra en los sistemas | I73: =VLOOKUP(G73,'Descripcion de actividades'!$A$3:$C$40,3,FALSE) -> Resistencia electrica en la red de tierra física. Equipos de medicion con certificado de calibración vigente para ambos. | J73: Semestral | K73: =VLOOKUP(J73,$H$5:$I$12,2,FALSE) -> 1 | L73: =IF($C$13<=1,IF(F73=1,E73*K73,IF(F73=2,E73*K73,IF(F73=3,0,"Revisar 2"))),E73*K73) -> 2 | N73: =M73*L73 -> 0 | O73: =ROUND(N73*0.19,0) -> 0 | P73: =N73+O73 -> 0
E74: 2 | F74: 1 | G74: C | H74: =VLOOKUP(G74,'Descripcion de actividades'!$A$3:$B$40,2,FALSE) -> Inspeccion de red de tierra en los sistemas | I74: =VLOOKUP(G74,'Descripcion de actividades'!$A$3:$C$40,3,FALSE) -> Pruebas de continuidad en la red de tierra física. Equipos de medicion con certificado de calibración vigente para ambos. para ambos. | J74: Semestral | K74: =VLOOKUP(J74,$H$5:$I$12,2,FALSE) -> 1 | L74: =IF($C$13<=1,IF(F74=1,E74*K74,IF(F74=2,E74*K74,IF(F74=3,0,"Revisar 2"))),E74*K74) -> 2 | N74: =M74*L74 -> 0 | O74: =ROUND(N74*0.19,0) -> 0 | P74: =N74+O74 -> 0
E75: 2 | F75: 3 | G75: D | H75: =VLOOKUP(G75,'Descripcion de actividades'!$A$3:$B$40,2,FALSE) -> Desbalance en el suministro electrico (Calidad de la energia) | I75: =VLOOKUP(G75,'Descripcion de actividades'!$A$3:$C$40,3,FALSE) -> Desequilibrio de tension en sistemas. Equipos de medicion con certificado de calibración vigente para ambos. | J75: Semestral | K75: =VLOOKUP(J75,$H$5:$I$12,2,FALSE) -> 1 | L75: =IF($C$13<=1,IF(F75=1,E75*K75,IF(F75=2,E75*K75,IF(F75=3,0,"Revisar 2"))),E75*K75) -> 2 | N75: =M75*L75 -> 0 | O75: =ROUND(N75*0.19,0) -> 0 | P75: =N75+O75 -> 0
E76: 2 | F76: 3 | G76: E | H76: =VLOOKUP(G76,'Descripcion de actividades'!$A$3:$B$40,2,FALSE) -> Desbalance en el suministro electrico (Calidad de la energia) | I76: =VLOOKUP(G76,'Descripcion de actividades'!$A$3:$C$40,3,FALSE) -> Desequilibrio de corriente en sistemas. Equipos de medicion con certificado de calibración vigente para ambos. | J76: Semestral | K76: =VLOOKUP(J76,$H$5:$I$12,2,FALSE) -> 1 | L76: =IF($C$13<=1,IF(F76=1,E76*K76,IF(F76=2,E76*K76,IF(F76=3,0,"Revisar 2"))),E76*K76) -> 2 | N76: =M76*L76 -> 0 | O76: =ROUND(N76*0.19,0) -> 0 | P76: =N76+O76 -> 0
E77: 2 | F77: 2 | G77: F | H77: =VLOOKUP(G77,'Descripcion de actividades'!$A$3:$B$40,2,FALSE) -> Monitoreo de los parametros electricos. | I77: =VLOOKUP(G77,'Descripcion de actividades'!$A$3:$C$40,3,FALSE) -> Calidad de la energía: Voltaje, corriente, potencia activa, potencia reactiva, armonicos. Equipos de medicion con certificado de calibración vigente para ambos. | J77: Bimensual | K77: =VLOOKUP(J77,$H$5:$I$12,2,FALSE) -> 1 | L77: =IF($C$13<=1,IF(F77=1,E77*K77,IF(F77=2,E77*K77,IF(F77=3,0,"Revisar 2"))),E77*K77) -> 2 | N77: =M77*L77 -> 0 | O77: =ROUND(N77*0.19,0) -> 0 | P77: =N77+O77 -> 0
E78: 2 | F78: 3 | G78: G | H78: =VLOOKUP(G78,'Descripcion de actividades'!$A$3:$B$40,2,FALSE) -> Pruebas de arranque en cada uno de los equipos | I78: =VLOOKUP(G78,'Descripcion de actividades'!$A$3:$C$40,3,FALSE) -> Cheque de condiciones de operación, valor de la presion de trabajo | J78: Semanal | K78: =VLOOKUP(J78,$H$5:$I$12,2,FALSE) -> 9 | L78: =IF($C$13<=1,IF(F78=1,E78*K78,IF(F78=2,E78*K78,IF(F78=3,0,"Revisar 2"))),E78*K78) -> 18 | N78: =M78*L78 -> 0 | O78: =ROUND(N78*0.19,0) -> 0 | P78: =N78+O78 -> 0
E79: 2 | F79: 3 | G79: H | H79: =VLOOKUP(G79,'Descripcion de actividades'!$A$3:$B$40,2,FALSE) -> Analisis por termografia | I79: =VLOOKUP(G79,'Descripcion de actividades'!$A$3:$C$40,3,FALSE) -> Analisis del termograma. Equipos de medicion con certificado de calibración vigente para ambos. | J79: Semestral | K79: =VLOOKUP(J79,$H$5:$I$12,2,FALSE) -> 1 | L79: =IF($C$13<=1,IF(F79=1,E79*K79,IF(F79=2,E79*K79,IF(F79=3,0,"Revisar 2"))),E79*K79) -> 2 | N79: =M79*L79 -> 0 | O79: =ROUND(N79*0.19,0) -> 0 | P79: =N79+O79 -> 0
E80: 2 | F80: 1 | G80: K | H80: =VLOOKUP(G80,'Descripcion de actividades'!$A$3:$B$40,2,FALSE) -> Lubricacion, engrase, revision y ajuste tornilleria de los sistemas (sin desarme) | I80: =VLOOKUP(G80,'Descripcion de actividades'!$A$3:$C$40,3,FALSE) -> 0 | J80: Semestral | K80: =VLOOKUP(J80,$H$5:$I$12,2,FALSE) -> 1 | L80: =IF($C$13<=1,IF(F80=1,E80*K80,IF(F80=2,E80*K80,IF(F80=3,0,"Revisar 2"))),E80*K80) -> 2 | N80: =M80*L80 -> 0 | O80: =ROUND(N80*0.19,0) -> 0 | P80: =N80+O80 -> 0
E81: 2 | F81: 3 | G81: P | H81: =VLOOKUP(G81,'Descripcion de actividades'!$A$3:$B$40,2,FALSE) -> Analisis de aislamiento a los sistemas | I81: =VLOOKUP(G81,'Descripcion de actividades'!$A$3:$C$40,3,FALSE) -> Analisis de resistencia de aislamiento con correccion de temperatura. Equipos de medicion con certificado de calibración vigente para ambos. | J81: Semestral | K81: =VLOOKUP(J81,$H$5:$I$12,2,FALSE) -> 1 | L81: =IF($C$13<=1,IF(F81=1,E81*K81,IF(F81=2,E81*K81,IF(F81=3,0,"Revisar 2"))),E81*K81) -> 2 | N81: =M81*L81 -> 0 | O81: =ROUND(N81*0.19,0) -> 0 | P81: =N81+O81 -> 0
E82: 2 | F82: 3 | G82: T | H82: =VLOOKUP(G82,'Descripcion de actividades'!$A$3:$B$40,2,FALSE) -> Informe de analisis de los equipo | I82: =VLOOKUP(G82,'Descripcion de actividades'!$A$3:$C$40,3,FALSE) -> Informe estado o condición del equipo según los parametros descritos en el MANUAL DE OPTIMIZACIÓN DE SISTEMAS DE BOMBEO, eficicia de energetica industrial en colombia, del ministerio de minas y energia | J82: Semestral | K82: =VLOOKUP(J82,$H$5:$I$12,2,FALSE) -> 1 | L82: =IF($C$13<=1,IF(F82=1,E82*K82,IF(F82=2,E82*K82,IF(F82=3,0,"Revisar 2"))),E82*K82) -> 2 | N82: =M82*L82 -> 0 | O82: =ROUND(N82*0.19,0) -> 0 | P82: =N82+O82 -> 0
C83: 2GB 14GB | D83: con 3 variadores Vol. Tablero entre 1 - 2 m3 (Inclusive) | E83: 2 | F83: 1 | G83: A | H83: =VLOOKUP(G83,'Descripcion de actividades'!$A$3:$B$40,2,FALSE) -> Limpieza e inspeccion de los sistemas | I83: =VLOOKUP(G83,'Descripcion de actividades'!$A$3:$C$40,3,FALSE) -> 0 | J83: Trimestral | K83: =VLOOKUP(J83,$H$5:$I$12,2,FALSE) -> 1 | L83: =IF($C$13<=1,IF(F83=1,E83*K83,IF(F83=2,E83*K83,IF(F83=3,0,"Revisar 2"))),E83*K83) -> 2 | N83: =M83*L83 -> 0 | O83: =ROUND(N83*0.19,0) -> 0 | P83: =N83+O83 -> 0
E84: 2 | F84: 1 | G84: B | H84: =VLOOKUP(G84,'Descripcion de actividades'!$A$3:$B$40,2,FALSE) -> Inspeccion de red de tierra en los sistemas | I84: =VLOOKUP(G84,'Descripcion de actividades'!$A$3:$C$40,3,FALSE) -> Resistencia electrica en la red de tierra física. Equipos de medicion con certificado de calibración vigente para ambos. | J84: Semestral | K84: =VLOOKUP(J84,$H$5:$I$12,2,FALSE) -> 1 | L84: =IF($C$13<=1,IF(F84=1,E84*K84,IF(F84=2,E84*K84,IF(F84=3,0,"Revisar 2"))),E84*K84) -> 2 | N84: =M84*L84 -> 0 | O84: =ROUND(N84*0.19,0) -> 0 | P84: =N84+O84 -> 0
E85: 2 | F85: 1 | G85: C | H85: =VLOOKUP(G85,'Descripcion de actividades'!$A$3:$B$40,2,FALSE) -> Inspeccion de red de tierra en los sistemas | I85: =VLOOKUP(G85,'Descripcion de actividades'!$A$3:$C$40,3,FALSE) -> Pruebas de continuidad en la red de tierra física. Equipos de medicion con certificado de calibración vigente para ambos. para ambos. | J85: Semestral | K85: =VLOOKUP(J85,$H$5:$I$12,2,FALSE) -> 1 | L85: =IF($C$13<=1,IF(F85=1,E85*K85,IF(F85=2,E85*K85,IF(F85=3,0,"Revisar 2"))),E85*K85) -> 2 | N85: =M85*L85 -> 0 | O85: =ROUND(N85*0.19,0) -> 0 | P85: =N85+O85 -> 0
E86: 2 | F86: 3 | G86: D | H86: =VLOOKUP(G86,'Descripcion de actividades'!$A$3:$B$40,2,FALSE) -> Desbalance en el suministro electrico (Calidad de la energia) | I86: =VLOOKUP(G86,'Descripcion de actividades'!$A$3:$C$40,3,FALSE) -> Desequilibrio de tension en sistemas. Equipos de medicion con certificado de calibración vigente para ambos. | J86: Semestral | K86: =VLOOKUP(J86,$H$5:$I$12,2,FALSE) -> 1 | L86: =IF($C$13<=1,IF(F86=1,E86*K86,IF(F86=2,E86*K86,IF(F86=3,0,"Revisar 2"))),E86*K86) -> 2 | N86: =M86*L86 -> 0 | O86: =ROUND(N86*0.19,0) -> 0 | P86: =N86+O86 -> 0
E87: 2 | F87: 3 | G87: E | H87: =VLOOKUP(G87,'Descripcion de actividades'!$A$3:$B$40,2,FALSE) -> Desbalance en el suministro electrico (Calidad de la energia) | I87: =VLOOKUP(G87,'Descripcion de actividades'!$A$3:$C$40,3,FALSE) -> Desequilibrio de corriente en sistemas. Equipos de medicion con certificado de calibración vigente para ambos. | J87: Semestral | K87: =VLOOKUP(J87,$H$5:$I$12,2,FALSE) -> 1 | L87: =IF($C$13<=1,IF(F87=1,E87*K87,IF(F87=2,E87*K87,IF(F87=3,0,"Revisar 2"))),E87*K87) -> 2 | N87: =M87*L87 -> 0 | O87: =ROUND(N87*0.19,0) -> 0 | P87: =N87+O87 -> 0
E88: 2 | F88: 2 | G88: F | H88: =VLOOKUP(G88,'Descripcion de actividades'!$A$3:$B$40,2,FALSE) -> Monitoreo de los parametros electricos. | I88: =VLOOKUP(G88,'Descripcion de actividades'!$A$3:$C$40,3,FALSE) -> Calidad de la energía: Voltaje, corriente, potencia activa, potencia reactiva, armonicos. Equipos de medicion con certificado de calibración vigente para ambos. | J88: Bimensual | K88: =VLOOKUP(J88,$H$5:$I$12,2,FALSE) -> 1 | L88: =IF($C$13<=1,IF(F88=1,E88*K88,IF(F88=2,E88*K88,IF(F88=3,0,"Revisar 2"))),E88*K88) -> 2 | N88: =M88*L88 -> 0 | O88: =ROUND(N88*0.19,0) -> 0 | P88: =N88+O88 -> 0
E89: 2 | F89: 3 | G89: G | H89: =VLOOKUP(G89,'Descripcion de actividades'!$A$3:$B$40,2,FALSE) -> Pruebas de arranque en cada uno de los equipos | I89: =VLOOKUP(G89,'Descripcion de actividades'!$A$3:$C$40,3,FALSE) -> Cheque de condiciones de operación, valor de la presion de trabajo | J89: Semanal | K89: =VLOOKUP(J89,$H$5:$I$12,2,FALSE) -> 9 | L89: =IF($C$13<=1,IF(F89=1,E89*K89,IF(F89=2,E89*K89,IF(F89=3,0,"Revisar 2"))),E89*K89) -> 18 | N89: =M89*L89 -> 0 | O89: =ROUND(N89*0.19,0) -> 0 | P89: =N89+O89 -> 0
E90: 2 | F90: 3 | G90: H | H90: =VLOOKUP(G90,'Descripcion de actividades'!$A$3:$B$40,2,FALSE) -> Analisis por termografia | I90: =VLOOKUP(G90,'Descripcion de actividades'!$A$3:$C$40,3,FALSE) -> Analisis del termograma. Equipos de medicion con certificado de calibración vigente para ambos. | J90: Semestral | K90: =VLOOKUP(J90,$H$5:$I$12,2,FALSE) -> 1 | L90: =IF($C$13<=1,IF(F90=1,E90*K90,IF(F90=2,E90*K90,IF(F90=3,0,"Revisar 2"))),E90*K90) -> 2 | N90: =M90*L90 -> 0 | O90: =ROUND(N90*0.19,0) -> 0 | P90: =N90+O90 -> 0
E91: 2 | F91: 1 | G91: K | H91: =VLOOKUP(G91,'Descripcion de actividades'!$A$3:$B$40,2,FALSE) -> Lubricacion, engrase, revision y ajuste tornilleria de los sistemas (sin desarme) | I91: =VLOOKUP(G91,'Descripcion de actividades'!$A$3:$C$40,3,FALSE) -> 0 | J91: Semestral | K91: =VLOOKUP(J91,$H$5:$I$12,2,FALSE) -> 1 | L91: =IF($C$13<=1,IF(F91=1,E91*K91,IF(F91=2,E91*K91,IF(F91=3,0,"Revisar 2"))),E91*K91) -> 2 | N91: =M91*L91 -> 0 | O91: =ROUND(N91*0.19,0) -> 0 | P91: =N91+O91 -> 0
E92: 2 | F92: 3 | G92: P | H92: =VLOOKUP(G92,'Descripcion de actividades'!$A$3:$B$40,2,FALSE) -> Analisis de aislamiento a los sistemas | I92: =VLOOKUP(G92,'Descripcion de actividades'!$A$3:$C$40,3,FALSE) -> Analisis de resistencia de aislamiento con correccion de temperatura. Equipos de medicion con certificado de calibración vigente para ambos. | J92: Semestral | K92: =VLOOKUP(J92,$H$5:$I$12,2,FALSE) -> 1 | L92: =IF($C$13<=1,IF(F92=1,E92*K92,IF(F92=2,E92*K92,IF(F92=3,0,"Revisar 2"))),E92*K92) -> 2 | N92: =M92*L92 -> 0 | O92: =ROUND(N92*0.19,0) -> 0 | P92: =N92+O92 -> 0
E93: 2 | F93: 3 | G93: T | H93: =VLOOKUP(G93,'Descripcion de actividades'!$A$3:$B$40,2,FALSE) -> Informe de analisis de los equipo | I93: =VLOOKUP(G93,'Descripcion de actividades'!$A$3:$C$40,3,FALSE) -> Informe estado o condición del equipo según los parametros descritos en el MANUAL DE OPTIMIZACIÓN DE SISTEMAS DE BOMBEO, eficicia de energetica industrial en colombia, del ministerio de minas y energia | J93: Semestral | K93: =VLOOKUP(J93,$H$5:$I$12,2,FALSE) -> 1 | L93: =IF($C$13<=1,IF(F93=1,E93*K93,IF(F93=2,E93*K93,IF(F93=3,0,"Revisar 2"))),E93*K93) -> 2 | N93: =M93*L93 -> 0 | O93: =ROUND(N93*0.19,0) -> 0 | P93: =N93+O93 -> 0
A94: 2 | B94: BOMBA EJE LIBRE | C94: 1M2-1B2 1M3-1B3 1M4-1B4 2M1-2B1 3M1-3B1 3M2-3B2 3M3-3B3 4M2-4B2 4M3-4B3 4M4-4B4 | D94: Entre 0 - 20 HP (inclusive) | E94: 10 | F94: 3 | G94: A | H94: =VLOOKUP(G94,'Descripcion de actividades'!$A$3:$B$40,2,FALSE) -> Limpieza e inspeccion de los sistemas | I94: =VLOOKUP(G94,'Descripcion de actividades'!$A$3:$C$40,3,FALSE) -> 0 | J94: Semanal | K94: =VLOOKUP(J94,$H$5:$I$12,2,FALSE) -> 9 | L94: =IF($C$13<=1,IF(F94=1,E94*K94,IF(F94=2,E94*K94,IF(F94=3,0,"Revisar 2"))),E94*K94) -> 90 | N94: =M94*L94 -> 0 | O94: =ROUND(N94*0.19,0) -> 0 | P94: =N94+O94 -> 0
E95: 10 | F95: 2 | G95: C | H95: =VLOOKUP(G95,'Descripcion de actividades'!$A$3:$B$40,2,FALSE) -> Inspeccion de red de tierra en los sistemas | I95: =VLOOKUP(G95,'Descripcion de actividades'!$A$3:$C$40,3,FALSE) -> Pruebas de continuidad en la red de tierra física. Equipos de medicion con certificado de calibración vigente para ambos. para ambos. | J95: Semestral | K95: =VLOOKUP(J95,$H$5:$I$12,2,FALSE) -> 1 | L95: =IF($C$13<=1,IF(F95=1,E95*K95,IF(F95=2,E95*K95,IF(F95=3,0,"Revisar 2"))),E95*K95) -> 10 | N95: =M95*L95 -> 0 | O95: =ROUND(N95*0.19,0) -> 0 | P95: =N95+O95 -> 0
E96: 10 | F96: 3 | G96: F | H96: =VLOOKUP(G96,'Descripcion de actividades'!$A$3:$B$40,2,FALSE) -> Monitoreo de los parametros electricos. | I96: =VLOOKUP(G96,'Descripcion de actividades'!$A$3:$C$40,3,FALSE) -> Calidad de la energía: Voltaje, corriente, potencia activa, potencia reactiva, armonicos. Equipos de medicion con certificado de calibración vigente para ambos. | J96: Trimestral | K96: =VLOOKUP(J96,$H$5:$I$12,2,FALSE) -> 1 | L96: =IF($C$13<=1,IF(F96=1,E96*K96,IF(F96=2,E96*K96,IF(F96=3,0,"Revisar 2"))),E96*K96) -> 10 | N96: =M96*L96 -> 0 | O96: =ROUND(N96*0.19,0) -> 0 | P96: =N96+O96 -> 0
E97: 10 | F97: 3 | G97: H | H97: =VLOOKUP(G97,'Descripcion de actividades'!$A$3:$B$40,2,FALSE) -> Analisis por termografia | I97: =VLOOKUP(G97,'Descripcion de actividades'!$A$3:$C$40,3,FALSE) -> Analisis del termograma. Equipos de medicion con certificado de calibración vigente para ambos. | J97: Semestral | K97: =VLOOKUP(J97,$H$5:$I$12,2,FALSE) -> 1 | L97: =IF($C$13<=1,IF(F97=1,E97*K97,IF(F97=2,E97*K97,IF(F97=3,0,"Revisar 2"))),E97*K97) -> 10 | N97: =M97*L97 -> 0 | O97: =ROUND(N97*0.19,0) -> 0 | P97: =N97+O97 -> 0
E98: 10 | F98: 1 | G98: I | H98: =VLOOKUP(G98,'Descripcion de actividades'!$A$3:$B$40,2,FALSE) -> Revision e inspeccion de fugas en todo el sistema | I98: =VLOOKUP(G98,'Descripcion de actividades'!$A$3:$C$40,3,FALSE) -> 0 | J98: Mensual | K98: =VLOOKUP(J98,$H$5:$I$12,2,FALSE) -> 2 | L98: =IF($C$13<=1,IF(F98=1,E98*K98,IF(F98=2,E98*K98,IF(F98=3,0,"Revisar 2"))),E98*K98) -> 20 | N98: =M98*L98 -> 0 | O98: =ROUND(N98*0.19,0) -> 0 | P98: =N98+O98 -> 0
E99: 10 | F99: 3 | G99: J | H99: =VLOOKUP(G99,'Descripcion de actividades'!$A$3:$B$40,2,FALSE) -> Revision y analisis de ajuste e interferencias mecanicas | I99: =VLOOKUP(G99,'Descripcion de actividades'!$A$3:$C$40,3,FALSE) -> Revision de anclajes, cimentaciones y soporteria de los equipo | J99: Semestral | K99: =VLOOKUP(J99,$H$5:$I$12,2,FALSE) -> 1 | L99: =IF($C$13<=1,IF(F99=1,E99*K99,IF(F99=2,E99*K99,IF(F99=3,0,"Revisar 2"))),E99*K99) -> 10 | N99: =M99*L99 -> 0 | O99: =ROUND(N99*0.19,0) -> 0 | P99: =N99+O99 -> 0
E100: 10 | F100: 2 | G100: K | H100: =VLOOKUP(G100,'Descripcion de actividades'!$A$3:$B$40,2,FALSE) -> Lubricacion, engrase, revision y ajuste tornilleria de los sistemas (sin desarme) | I100: =VLOOKUP(G100,'Descripcion de actividades'!$A$3:$C$40,3,FALSE) -> 0 | J100: Bimensual | K100: =VLOOKUP(J100,$H$5:$I$12,2,FALSE) -> 1 | L100: =IF($C$13<=1,IF(F100=1,E100*K100,IF(F100=2,E100*K100,IF(F100=3,0,"Revisar 2"))),E100*K100) -> 10 | N100: =M100*L100 -> 0 | O100: =ROUND(N100*0.19,0) -> 0 | P100: =N100+O100 -> 0
E101: 10 | F101: 3 | G101: L | H101: =VLOOKUP(G101,'Descripcion de actividades'!$A$3:$B$40,2,FALSE) -> Chequeo de presion y caudal de entrada y salida del sistema | I101: =VLOOKUP(G101,'Descripcion de actividades'!$A$3:$C$40,3,FALSE) -> Monitoreo de la curva caudal vs adt del sistema: Medición de caudal volumétrico por ultrasonido no intrusivo,altura dinámica total con celda de presión diferencial con certificado de calibración vigente para ambos. | J101: Semestral | K101: =VLOOKUP(J101,$H$5:$I$12,2,FALSE) -> 1 | L101: =IF($C$13<=1,IF(F101=1,E101*K101,IF(F101=2,E101*K101,IF(F101=3,0,"Revisar 2"))),E101*K101) -> 10 | N101: =M101*L101 -> 0 | O101: =ROUND(N101*0.19,0) -> 0 | P101: =N101+O101 -> 0
E102: 10 | F102: 3 | G102: M | H102: =VLOOKUP(G102,'Descripcion de actividades'!$A$3:$B$40,2,FALSE) -> Analisis de vibraciones | I102: =VLOOKUP(G102,'Descripcion de actividades'!$A$3:$C$40,3,FALSE) -> Analisis de vibraciones: Medición de vibraciones conjunto bomba motor que cumplan con la reglamentación ISO 10816-3 con certificado de calibración vigente para ambos. | J102: Semestral | K102: =VLOOKUP(J102,$H$5:$I$12,2,FALSE) -> 1 | L102: =IF($C$13<=1,IF(F102=1,E102*K102,IF(F102=2,E102*K102,IF(F102=3,0,"Revisar 2"))),E102*K102) -> 10 | N102: =M102*L102 -> 0 | O102: =ROUND(N102*0.19,0) -> 0 | P102: =N102+O102 -> 0
...

Sheet Descripcion de actividades
A2: Item | B2: Descripcion | C2: Sub descripcion
A3: A | B3: Limpieza e inspeccion de los sistemas
A4: B | B4: Inspeccion de red de tierra en los sistemas | C4: Resistencia electrica en la red de tierra física. Equipos de medicion con certificado de calibración vigente para ambos.
A5: C | B5: Inspeccion de red de tierra en los sistemas | C5: Pruebas de continuidad en la red de tierra física. Equipos de medicion con certificado de calibración vigente para ambos. para ambos.
A6: D | B6: Desbalance en el suministro electrico (Calidad de la energia) | C6: Desequilibrio de tension en sistemas. Equipos de medicion con certificado de calibración vigente para ambos.
A7: E | B7: Desbalance en el suministro electrico (Calidad de la energia) | C7: Desequilibrio de corriente en sistemas. Equipos de medicion con certificado de calibración vigente para ambos.
A8: F | B8: Monitoreo de los parametros electricos. | C8: Calidad de la energía: Voltaje, corriente, potencia activa, potencia reactiva, armonicos. Equipos de medicion con certificado de calibración vigente para ambos.
A9: G | B9: Pruebas de arranque en cada uno de los equipos | C9: Cheque de condiciones de operación, valor de la presion de trabajo
A10: H | B10: Analisis por termografia | C10: Analisis del termograma. Equipos de medicion con certificado de calibración vigente para ambos.
A11: I | B11: Revision e inspeccion de fugas en todo el sistema
A12: J | B12: Revision y analisis de ajuste e interferencias mecanicas | C12: Revision de anclajes, cimentaciones y soporteria de los equipo
A13: K | B13: Lubricacion, engrase, revision y ajuste tornilleria de los sistemas (sin desarme)
A14: L | B14: Chequeo de presion y caudal de entrada y salida del sistema | C14: Monitoreo de la curva caudal vs adt del sistema: Medición de caudal volumétrico por ultrasonido no intrusivo,altura dinámica total con celda de presión diferencial con certificado de calibración vigente para ambos.
A15: M | B15: Analisis de vibraciones | C15: Analisis de vibraciones: Medición de vibraciones conjunto bomba motor que cumplan con la reglamentación ISO 10816-3 con certificado de calibración vigente para ambos.
A16: N | B16: Analisis de alineacion por equipo de alineacion laser | C16: Verificacion con alineacion laser con el método 1: 9-12-3. El método del reloj, también conocido como 9-12-3, es el origen de todas las alineaciones de ejes. Equipos de medicion con certificado de calibración vigente para ambos.
A17: O | B17: Analisis de balanceo mecanico del sistema | C17: Analisis de balanceo mecanico del sistema con la reglamentacion ISO 1940
A18: P | B18: Analisis de aislamiento a los sistemas | C18: Analisis de resistencia de aislamiento con correccion de temperatura. Equipos de medicion con certificado de calibración vigente para ambos.
A19: Q | B19: Analisis de aislamiento a los sistemas | C19: Indice de polarizacion. Equipos de medicion con certificado de calibración vigente para ambos.
A20: R | B20: Analisis de aislamiento a los sistemas | C20: Absorcion dielectrica. Equipos de medicion con certificado de calibración vigente para ambos.
A21: S | B21: Analisis de aceite dielectrico
A22: T | B22: Informe de analisis de los equipo | C22: Informe estado o condición del equipo según los parametros descritos en el MANUAL DE OPTIMIZACIÓN DE SISTEMAS DE BOMBEO, eficicia de energetica industrial en colombia, del ministerio de minas y energia
A23: U | B23: Cambios de empaquetadura de los sistemas
A24: V | B24: Calibracion del sistema
A25: W | B25: Cambio del kit de reparacion.
A26: X
A27: Y
A28: Z
A29: AA
A30: BB
A31: CC
A32: DD
A33: EE
A34: FF
A35: GG
A36: HH
A37: II
... A40: LL

Sheet Descripcion equipos
B2: cuarto | C2: maquina | D2: codigo | E2: especificacion | F2: foto
B3: Máxima | C3: Gabinete | D3: 1GB | E3: (ancho x alto x profundidad) 79 x 80 x 23. sin variador Vol. Tablero 0.14 m3
C5: bomba | D5: 1M1-1B1 | E5: 30 HP
C7: bomba | D7: 1M2-1B2 | E7: 20 HP
C9: bomba | D9: 1M3-1B3 | E9: 20 HP
C11: bomba | D11: 1M4-1B4 | E11: 20 HP
C13: reforzadora | D13: 1MB | E13: 2 HP
C15: achique | D15: 1BA | E15: 2 HP
C17: cloro | D17: 1CLO | E17: Clorador regal eyector grundfos
C19: soda | D19: 1DOS | E19: DDC 15-4 AR-PP/E/C-F-31I002FG
C21: filtro arena | D21: FILTRO ARENA | E21: peso operación: 11000 kgr vacío: 1600 kgr Diámetro: 1.22 m, long: 4.57 mts. Capacidad almacenamiento: 5.62 m3
C23: abasto | D23: ABASTO | E23: 3 pulg.
B25: Curvos neumaticos | C25: gabinete | D25: 2GB | E25: (ancho x alto x profundidad) 160 x 190 x 45 con 3 variadores Vol. Tablero 1.368 m3
C27: bomba | D27: 2M1-2B1 | E27: 20 HP
C29: bomba | D29: 2M2-2B2 | E29: 30 HP
C31: bomba | D31: 2M3-2B3 | E31: 30 HP
C33: reforzadora | D33: 2MB | E33: 1.8 HP
C35: achique | D35: 2BA | E35: 2 HP
C37: cloro | D37: 2CLO | E37: Clorador regal eyector grundfos
C39: soda | D39: 2DOS | E39: DDC 15-4 AR-PP/E/C-F-31I002FG
C41: filtro arena | D41: FILTRO ARENA | E41: peso operación: 4500 kgr vacío: 1000 kgr Diámetro: 1.22 m, long: 1.83 mts. Capacidad almacenamiento: 2.43 m3
C43: abasto | D43: ABASTO | E43: 3 pulg.
B45: Familiar | C45: gabinete | D45: 3GB | E45: (ancho x alto x profundidad) 160 x 190 x 45 con 2 variadores Vol. Tablero 1.368 m3
C47: bomba | D47: 3M1-3B1 | E47: 20 HP
C49: bomba | D49: 3M2-3B2 | E49: 15 HP
C51: bomba | D51: 3M3-3B3 | E51: 15 HP
C53: bomba | D53: 3M4-3B4 | E53: 75 HP
C55: reforzadora | D55: 3MB | E55: 2 HP
C57: achique | D57: 3BA | E57: 2 HP
C59: cloro | D59: 3CLO | E59: Clorador grundfos eyector grundfos
C61: soda | D61: 3DOS | E61: DDC 15-4 AR-PP/E/C-F-31I002FG
C63: filtro arena | D63: FILTRO ARENA | E63: peso operación: 4500 kgr vacío: 1000 kgr Diámetro: 1.22 m, long: 1.83 mts. Capacidad almacenamiento: 2.43 m3
C65: abasto | D65: ABASTO | E65: 3 pulg.
B67: Curvos velocidad | C67: gabinete | D67: 4GB | E67: (ancho x alto x profundidad) 160 x 190 x 45 con 1 variador Vol. Tablero 1.368 m3
C69: bomba | D69: 4M1-4B1 | E69: 25 HP
C71: bomba | D71: 4M2-4B2 | E71: 20 HP
C73: bomba | D73: 4M3-4B3 | E73: 20 HP
C75: bomba | D75: 4M4-4B4 | E75: 20 HP
C77: reforzadora | D77: 4MB | E77: 2 HP
C79: achique | D79: 4BA | E79: 2 HP
C81: cloro | D81: 4CLO | E81: Clorador grundfos eyector regal
C83: soda | D83: 4DOS | E83: DDC 15-4 AR-PP/E/C-F-31I002FG
C85: filtro arena | D85: FILTRO ARENA | E85: peso operación: 6700 kgr vacío: 1200 kgr Diámetro: 1.22 m, long: 2.74 mts. Capacidad almacenamiento: 3.49 m3
C87: abasto | D87: ABASTO | E87: 3 pulg.
B89: Infantil | C89: gabinete | D89: 5GB | E89: (ancho x alto x profundidad) 90 x 190 x 40 con 2 variadores Vol. Tablero 0.684 m3
C91: bomba | D91: 5M1-5B1 | E91: 50 HP
C93: bomba | D93: 5M2-5B2 | E93: 60 HP
C95: reforzadora | D95: 5MB | E95: 2 HP
C97: achique | D97: 5BA | E97: 2 HP
C99: cloro | D99: 5CLO | E99: Clorador regal eyector grundfos
C101: soda | D101: 5DOS | E101: DDC 15-4 AR-PP/E/C-F-31I002FG
C103: filtro arena | D103: FILTRO ARENA | E103: peso operación: 19000 kgr vacío: 2500 kgr Diámetro: 1.52 m, long: 5.49 mts. Capacidad almacenamiento: 10.6 m3
C105: abasto | D105: ABASTO | E105: 2 pulg.
B107: Recreativa | C107: gabinete | D107: 6GB | E107: (ancho x alto x profundidad) 150 x 180 x 50 con 2 variadores Vol. Tablero 1.35 m3
C109: bomba | D109: 6M1-6B1 | E109: 75 HP
C111: bomba | D111: 6M2-6B2 | E111: 75 HP
C113: reforzadora | D113: 6MB1 | E113: 1.8 HP
C115: reforzadora | D115: 6MB2 | E115: 2 HP
C117: reforzadora | D117: 6MB3 | E117: 2 HP
C119: achique | D119: 6BA | E119: 2 HP
C121: cloro | D121: 6CLO1 | E121: Clorador grundfos eyector grundfos
C123: cloro | D123: 6CLO2 | E123: Clorador grundfos eyector grundfos
C125: cloro | D125: 6CLO3 | E125: Clorador regal eyector grundfos
C127: soda | D127: 6DOS | E127: DDC 15-4 AR-PP/E/C-F-31I002FG
C129: filtro arena | D129: FILTRO ARENA | E129: peso operación: 71000 kgr vacío: 7300 kgr Diámetro: 2.44 m, long: 9.14 mts. Capacidad almacenamiento: 45.1 m3
C131: abasto | D131: ABASTO | E131: 4 pulg.
B133: Rio 1 | C133: gabinete | D133: 7GB | E133: (ancho x alto x profundidad) 100 x 165 x 40 con 1 variador. Vol. Tablero 0.66 m3
C135: bomba | D135: 7M-7B | E135: 75 HP
C137: reforzadora | D137: 7MB | E137: 2 HP
C139: achique | D139: 7BA | E139: 2 HP
C141: cloro | D141: 7CLO | E141: Clorador grundfos eyector grundfos
C143: soda | D143: 7DOS | E143: DDC 15-4 AR-PP/E/C-F-31I002FG
C145: filtro arena | D145: FILTRO ARENA | E145: peso operación: 31000 kgr vacío: 3600 kgr Diámetro: 1.83 m, long: 6.40 mts. Capacidad almacenamiento: 17.8 m3
C147: abasto | D147: ABASTO | E147: 4 pulg.
B149: Rio 2 | C149: gabinete | D149: 8GB | E149: (ancho x alto x profundidad) 100 x 165 x 40 con 1 variador Vol. Tablero 0.66 m3
C151: bomba | D151: 8M-8B | E151: 75 HP
C153: reforzadora | D153: 8MB | E153: 1.5 HP
C155: achique | D155: 8BA | E155: 2 HP
C157: cloro | D157: 8CLO | E157: Clorador regal eyector grundfos
C159: soda | D159: 8DOS | E159: DDC 15-4 AR-PP/E/C-F-31I002FG
C161: filtro arena | D161: FILTRO ARENA | E161: peso operación: 31000 kgr vacío: 3600 kgr Diámetro: 1.83 m, long: 6.40 mts. Capacidad almacenamiento: 17.8 m3
C163: abasto | D163: ABASTO | E163: 4 pulg.
B165: Cascada piedra | C165: gabinete | D165: 9GB | E165: (ancho x alto x profundidad) 44 x 44 x 20 plástica sin variador Vol. Tablero .038 m3
C167: bomba | D167: 9M-9B | E167: 30 HP
B169: Cascada vehicular | C169: gabinete | D169: 10GB | E169: (ancho x alto x profundidad) 34 x 44 x 24 plástica sin variador Vol. Tablero .03 m3
C171: achique | D171: 10BA | E171: 2 HP
B173: Torre 1 | C173: gabinete | D173: 11GB | E173: (ancho x alto x profundidad) 80 x 144 x 40 Con 1 variador Vol. Tablero .46 m3
C175: achique | D175: 11BA | E175: 90 HP
B177: Torre 2 | C177: gabinete | D177: 12GB | E177: (ancho x alto x profundidad) 80 x 144 x 40 Con 1 variador Vol. Tablero .46 m3
C179: achique | D179: 12BA | E179: 90 HP
B181: Olas | C181: gabinete | D181: 13GB | E181: (ancho x alto x profundidad) 100 x 168 x 40 con 2 variadores y 1 arrancador suave Vol. Tablero 0.672 m3
C183: TURBINA | D183: 13M1 | E183: 75 HP
C185: TURBINA | D185: 13M2 | E185: 75 HP
C187: COMPRESOR | D187: 13COP | E187: 12 HP 2 Pistones
C189: VENTILADOR | D189: 13VENT | E189: 4.8 HP
C191: EXTRACTOR | D191: 13EXT | E191: 4.8 HP
C193: SISTEMA DE DIRECCION DE AIRE TURBINA | D193: 13DAT1 | E193: 2 Cilindros mindman 80 x 200 doble efecto 2 Valvulas neumatica 5/2 ingresos salidas 3/8 OD. 1 Unidad de mantenimiento regulador y lubricador. 1 Caja de direccion de flujo de 40 x 30 x 60 cms. 2 Tapas compuertas de 32 x 38 cms. Manguera de 12" de caucho.
C195: SISTEMA DE DIRECCION DE AIRE TURBINA | D195: 13DAT2 | E195: 2 Cilindros mindman 80 x 200 doble efecto 2 Valvulas neumatica 5/2 ingresos salidas 3/8 OD. 1 Unidad de mantenimiento regulador y lubricador. 1 Caja de direccion de flujo de 40 x 30 x 60 cms. 2 Tapas compuertas de 32 x 38 cms. Manguera de 12" de caucho.
B197: Fuente interactiva | C197: gabinete | D197: 14GB | E197: (ancho x alto x profundidad) 100 x 210 x 49 con 3 variadores Vol. Tablero 1.029 m3
C199: bomba | D199: 14M1-14B1 | E199: 1.5 HP
...
